 Dungeon Crawl Stone Soup version 0.26.0-16-gc1dbca0489 (webtiles) character file.

Game seed: 5867207274098019033

2654 Froggeryz the Grappler (level 9, -5/74 HPs)
             Began as a Ghoul Delver on Jan 19, 2021.
             Was an Elder of Okawaru.
             Slain by a wight
             ... wielding a cursed +3 battleaxe of freezing
              (7 damage)
             ... on level 8 of the Dungeon.
             The game lasted 00:09:00 (7929 turns).

Froggeryz the Grappler (Ghoul Delver)               Turns: 7929, Time: 00:09:00

Health: -5/74      AC:  7    Str: 19    XL:     9   Next: 62%
Magic:  11/11      EV: 10    Int:  5    God:    Okawaru [****..]
Gold:   437        SH:  0    Dex: 10    Spells: 8/8 levels left

rFire    . . .     SeeInvis +     - Unarmed
rCold    + . .     Faith    +   (no shield)
rNeg     + + +     Spirit   .   j - +0 scale mail
rPois    ∞         Reflect  .   (no helmet)
rElec    .         Harm     .   s - scarf {shadows}
rCorr    .         Rampage  .   (no gloves)
Will     +....                  h - +0 pair of boots
Stlth    +.........             e - amulet of faith
HPRegen  0.00/turn              o - ring of willpower
MPRegen  0.12/turn              q - ring of see invisible

@: no status effects
A: claws 1, cold resistance 1, negative energy resistance 3, inhibited
regeneration, torment resistance, unbreathing
a: Renounce Religion, Heroism


You were on level 8 of the Dungeon.
You worshipped Okawaru.
Okawaru was greatly pleased with you.
You visited 2 branches of the dungeon, and saw 9 of its levels.

You collected 437 gold pieces.

Inventory:

Missiles
 d - a poisoned dart (quivered)
Armour
 h - a +0 pair of boots (worn)
 j - a +0 scale mail (worn)
 s - a scarf of shadows (worn)
Jewellery
 e - an amulet of faith (around neck)
 g - an uncursed ring of fire
 o - a ring of willpower (left claw)
 q - a ring of see invisible (right claw)
 B - an uncursed ring of flight {unknown}
Wands
 f - a wand of digging (3)
 x - a wand of enslavement (9)
 A - a wand of random effects (17)
 E - a wand of acid (9)
Scrolls
 a - 9 scrolls of identify
 b - a scroll of fog
 c - 2 scrolls of magic mapping
 i - a scroll of immolation {unknown}
 k - 4 scrolls of remove curse {unknown}
 n - 6 scrolls of teleportation {unknown}
 p - 2 scrolls of blinking {unknown}
 t - 2 scrolls of noise {unknown}
 y - a scroll of enchant weapon {unknown}
 C - a scroll of fear
Potions
 l - a potion of berserk rage {unknown}
 m - 2 potions of attraction {unknown}
 r - a potion of mutation {unknown}
 u - 4 potions of curing {unknown}
 v - a potion of lignification {unknown}
 w - a potion of cancellation {unknown}
 z - 2 potions of haste
 D - a potion of flight {unknown}


   Skills:
 - Level 5.0 Fighting
 - Level 3.1 Armour
 - Level 1.7 Dodging
 - Level 5.4 Stealth
 * Level 11.7 Unarmed Combat
 + Level 5.0 Invocations


You had 8 spell levels left.
You didn't know any spells.
Your spell library contained the following spells:

 Spells                   Type           Power        Failure   Level
 Sandblast                Erth           0%           85%         1
 Passwall                 Tmut/Erth      0%           94%         2
 Stone Arrow              Conj/Erth      0%           99%         3
 Petrify                  Tmut/Erth      0%           100%        4
 Lee's Rapid Deconstruct  Erth           0%           100%        5
 Beastly Appendage        Tmut           Unusable     N/A         1
 Wereblood                Tmut           Unusable     N/A         2
 Spider Form              Tmut/Pois      Unusable     N/A         3
 Ice Form                 Ice/Tmut       Unusable     N/A         4
 Blade Hands              Tmut           Unusable     N/A         5

Dungeon Overview and Level Annotations

Branches:
Dungeon (8/15)             Temple (1/1) D:7
   Lair: D:8-11

Altars:
Hepliaklqana
Okawaru
Qazlal
Trog
Wu Jian
Zin
The Shining One


Innate Abilities, Weirdness & Mutations

You thrive by killing the living.
You are immune to poison.
You have sharp fingernails.
Your flesh is cold resistant. (rC+)
You are immune to negative energy. (rN+++)
You do not regenerate when monsters are visible.
You are immune to unholy pain and torment.
You can survive without breathing.


Message History

You barely miss the wight.
The wight is almost destroyed.
The wight hits you with a cursed +3 battleaxe of freezing.
* * * LOW HITPOINT WARNING * * *
The wight freezes you.
* * * LOW HITPOINT WARNING * * *
You closely miss the wight.
The wight is almost destroyed.
You scratch the wight but do no damage.
The wight is almost destroyed.
The wight hits you with a cursed +3 battleaxe of freezing!
* * * LOW HITPOINT WARNING * * *
The wight freezes you.
* * * LOW HITPOINT WARNING * * *
You closely miss the wight. Your claw misses the wight.
The wight is almost destroyed.
You closely miss the wight.
The wight is almost destroyed.
The wight hits you with a cursed +3 battleaxe of freezing!
You die...

########
#...##<#
##...##)#
#....@).#
#...z######
#..).'....+
#....######
#.....[o[#
#.######z#
#.#......###
#.#.##..z..#o.
#.#.##h###....


You could see a wight.

Vanquished Creatures
  2 wargs
  An ice beast (D:8)
  3 sky beasts
  3 ogres
  A centaur (D:5)
  A big kobold (D:5)
  3 bullfrogs (D:7)
  3 scorpions
  11 wights
  2 hounds
  6 orc priests
  2 bullfrog skeletons
  6 orc wizards
  4 worker ants
  A hound zombie (D:5)
  A hound skeleton (D:4)
  4 gnolls
  11 adders
  2 shadow imps
  A white imp (D:4)
  An ufetubus (D:5)
  An ooze (D:2)
  An adder skeleton (D:4)
  A worm (D:2)
  2 dart slugs
  7 leopard geckos
  16 orcs
  4 bats
  5 giant cockroaches
  3 goblins
  9 hobgoblins
  5 jackals
  11 kobolds
  5 quokkas
  2 frilled lizards
  A quokka skeleton (D:4)
  6 rats
148 creatures vanquished.

Vanquished Creatures (others)
  7 plants
7 creatures vanquished.

Grand Total: 155 creatures vanquished

Notes
Turn   | Place    | Note
-------+----------+-------------------------------------------
     0 | D:5      | Froggeryz the Ghoul Delver began the quest for the Orb.
     0 | D:5      | Reached XP level 1. HP: 19/19 MP: 0/0
     6 | D:5      | Noticed a scorpion
    44 | D:5      | Reached skill level 3 in Unarmed Combat
    44 | D:5      | Reached XP level 2. HP: 26/26 MP: 1/1
   138 | D:5      | Reached XP level 3. HP: 14/31 MP: 2/2
   141 | D:5      | Reached skill level 4 in Unarmed Combat
   338 | D:4      | Noticed a two-headed ogre
   769 | D:2      | Reached XP level 4. HP: 33/38 MP: 3/3
   828 | D:2      | Reached skill level 5 in Unarmed Combat
   927 | D:2      | Found an iron altar of Okawaru.
  1209 | D:2      | Became a worshipper of Warmaster Okawaru
  1771 | D:1      | Reached XP level 5. HP: 43/45 MP: 4/4
  2075 | D:2      | Reached skill level 1 in Armour
  2337 | D:3      | Noticed an orc warrior
  2428 | D:3      | Reached skill level 6 in Unarmed Combat
  2820 | D:3      | Reached XP level 6. HP: 51/51 MP: 5/5
  2976 | D:3      | Found a faded altar of an unknown god.
  3193 | D:4      | Reached * piety under Okawaru
  3257 | D:4      | Noticed a sky beast
  3308 | D:4      | Killed a sky beast
  3309 | D:4      | Reached skill level 7 in Unarmed Combat
  3309 | D:4      | Reached XP level 7. HP: 33/57 MP: 6/6
  4296 | D:5      | Reached ** piety under Okawaru
  4297 | D:5      | Reached skill level 8 in Unarmed Combat
  4829 | D:5      | Reached XP level 8. HP: 65/66 MP: 7/7
  5434 | D:6      | Reached skill level 9 in Unarmed Combat
  5782 | D:6      | Reached skill level 5 in Fighting
  6090 | D:6      | Reached *** piety under Okawaru
  6091 | D:6      | Reached skill level 1 in Invocations
  6496 | D:7      | Reached skill level 10 in Unarmed Combat
  6669 | D:7      | Found a staircase to the Ecumenical Temple.
  6781 | D:7      | Reached XP level 9. HP: 64/74 MP: 10/10
  6949 | D:7      | Reached **** piety under Okawaru
  7255 | D:7      | Reached skill level 11 in Unarmed Combat
  7438 | Temple   | Entered the Ecumenical Temple
  7784 | D:8      | Reached skill level 5 in Invocations
  7927 | D:8      | HP: 3/74 [wight/cursed +3 battleaxe of freezing (10)]
  7929 | D:8      | Slain by a wight

Illustrated notes

Levels and vault maps discovered:
D:1:      dpeg_arrival_tiny_i, layout_loops_cross, serial_forest,
          infiniplex_forest_lined_ring, infiniplex_forest_clump_curved,
          infiniplex_forest_clump_curved, infiniplex_forest_clump_double,
          infiniplex_forest_lined_1, infiniplex_forest_corner_1,
          infiniplex_forest_clump_medium, infiniplex_forest_clump_small,
          corexii_corridor_pit
D:2:      minmay_chambers_of_twos, layout_basic, lemuel_round_altar,
          minmay_misc_feat_diagonals
D:3:      layout_loops_ring, chequers_ecumenical_altar_lobes
D:4:      layout_cave_pods
D:5:      layout_basic, lightli_ossuary_entry_decrepit_ruins
D:6:      layout_gridville
D:7:      layout_gridville, temple_doors_ab, kennysheep_generic_room_3
D:8:      layout_basic, erik_lair_orcish_takeover
Temple:   compressed_dpeg_triangle_lava_temple

Skill      XL: |  1  2  3  4  5  6  7  8  9 |
---------------+----------------------------+-----
Unarmed Combat | 3 4 5 6 7 8 10 11 | 11.7
Armour         | 1 2 3 |  3.1
Fighting       | 4 5 |  5.0
Invocations    | 3 5 |  5.0
Dodging        | |  1.7
Stealth        | |  5.4

Action                   |  1- 3 |  4- 6 |  7- 9 || total
-------------------------+-------+-------+-------++-------
Melee: Unarmed           |    57 |   197 |   312 ||   566
       Punch             |     2 |     5 |    14 ||    21
Throw: Dart              |       |       |     4 ||     4
  Use: Potion            |     1 |       |       ||     1
       Scroll            |       |     1 |     2 ||     3
 Stab: Sleeping          |     1 |     1 |       ||     2
Armor: Leather armour    |    12 |       |       ||    12
       Ring mail         |     9 |     6 |       ||    15
       Scale mail        |       |    58 |   103 ||   161
Dodge: Dodged            |    40 |    86 |   127 ||   253
